 Dungeon Crawl Stone Soup version 0.27-a0-869-g165b36e3f0 (webtiles) character file.

Game seed: 5334342987497800006

10314 leviel the Protected (level 11, -5/92 HPs)
             Began as a Hill Orc Fighter on Apr 3, 2021.
             Was a High Priest of Okawaru.
             Slain by a cane toad (7 damage)
             ... on level 1 of the Lair of Beasts.
             The game lasted 00:25:46 (14617 turns).

leviel the Protected (Hill Orc Fighter)            Turns: 14617, Time: 00:25:48

Health: -5/92      AC: 22    Str: 23    XL:     11   Next: 60%
Magic:  14/14      EV:  9    Int:  8    God:    Okawaru [*****.]
Gold:   802        SH:  0    Dex: 10    Spells: 14/14 levels left

rFire    + . .     SeeInvis .   c - +1 great sword
rCold    . . .     Faith    .   (shield currently unavailable)
rNeg     . . .     Spirit   .   t - +3 plate armour
rPois    .         Reflect  .   v - +0 helmet
rElec    .         Harm     .   (no cloak)
rCorr    .         Rampage  .   e - +0 pair of gloves
Will     +....                  a - +0 pair of boots
Stlth    ..........             (no amulet)
HPRegen  0.25/turn              w - ring of protection from fire
MPRegen  0.14/turn              z - ring of willpower

@: lethally poisoned (-5 -> -27)
A: no striking features
a: Renounce Religion, Heroism, Finesse


You were on level 1 of the Lair of Beasts.
You worshipped Okawaru.
Okawaru was extremely pleased with you.
You visited 3 branches of the dungeon, and saw 12 of its levels.

You collected 802 gold pieces.

Inventory:

Hand Weapons
 c - a +1 great sword (weapon)
Missiles
 i - 8 boomerangs (quivered)
Armour
 a - a +0 pair of boots (worn)
 e - a +0 pair of gloves (worn)
 t - a +3 plate armour (worn)
 v - a +0 helmet (worn)
Jewellery
 w - a ring of protection from fire (left hand)
 z - a ring of willpower (right hand)
Wands
 f - a wand of charming (11)
 p - a wand of flame (10)
 r - a wand of iceblast (8)
 s - a wand of polymorph (21)
Scrolls
 d - a scroll of holy word
 h - 2 scrolls of amnesia
 k - 2 scrolls of fog
 m - 4 scrolls of teleportation
 u - a scroll of identify
Potions
 b - a potion of resistance
 j - a potion of cancellation
 l - a potion of mutation
 o - 4 potions of lignification


   Skills:
 * Level 7.5 Fighting
 + Level 7.6 Long Blades
 + Level 2.9 Throwing
 - Level 10.6 Armour
 + Level 8.3 Dodging
 - Level 5.0 Shields
 - Level 2.0 Spellcasting
 - Level 2.0 Transmutations
 - Level 4.1 Invocations
 - Level 3.1 Evocations


You had 14 spell levels left.
You didn't know any spells.
Your spell library contained the following spells:

 Spells                   Type           Power      Damage    Failure   Level
 Corona                   Hex            0%         N/A       99%         1
 Blink                    Tloc           N/A        N/A       99%         2
 Slow                     Hex            0%         N/A       99%         2
 Gell's Gravitas          Tloc           0%         N/A       100%        3
 Inner Flame              Hex/Fire       0%         N/A       100%        3
 Lesser Beckoning         Tloc           0%         N/A       100%        3
 Portal Projectile        Hex/Tloc       0%         N/A       100%        3
 Teleport Other           Tloc           0%         N/A       100%        3
 Cause Fear               Hex            0%         N/A       100%        4
 Leda's Liquefaction      Hex/Erth       0%         N/A       100%        4
 Manifold Assault         Tloc           0%         N/A       100%        5


Dungeon Overview and Level Annotations

Branches:
Dungeon (10/15)            Temple (1/1) D:7            Lair (1/6) D:9
    Orc: D:9-12

Altars:
Ashenzari
Cheibriados
Dithmenos
Elyvilon
Fedhas
Gozag
Hepliaklqana
Kikubaaqudgha
Makhleb
Nemelex Xobeh
Okawaru
Qazlal
Ru
Sif Muna
Trog
Uskayaw
Vehumet
Wu Jian
Xom
Yredelemnul
Zin
The Shining One

Shops:
D:3 (

Annotations:
D:9 3 runed translucent doors, exclusions: obsidian statue and orange crystal statue, Rennog's ghost, novice TrMo


Message History

The cane toad stings you but does no damage.
You slash the cane toad!
The cane toad is moderately wounded.
The cane toad stings you.
The cane toad gives a loud, deep croak!
You slash the cane toad!
The cane toad is heavily wounded.
The cane toad closely misses you.
You riposte.
You barely miss the cane toad.
The cane toad is heavily wounded.
The cane toad stings you!
You closely miss the cane toad.
The cane toad is heavily wounded.
The cane toad stings you!
You slice the cane toad!!
The cane toad is almost dead.
The cane toad stings you but does no damage.
The cane toad closely misses you.
You riposte.
You closely miss the cane toad.
The cane toad is almost dead.
You completely miss the cane toad.
The cane toad is almost dead.
The cane toad stings you but does no damage.
The cane toad stings you! The cane toad closely misses you.
You hit the cane toad.
You kill the cane toad!
Okawaru accepts your kill. The cane toad stings you. The cane toad stings you!
You slash the cane toad!
The cane toad is moderately wounded.
The cane toad completely misses you. The cane toad barely misses you.
You slash the cane toad!
The cane toad is severely wounded.
The cane toad stings you!
* * * LOW HITPOINT WARNING * * *
You slash the cane toad!
The cane toad is almost dead.
The cane toad stings you!
* * * LOW HITPOINT WARNING * * *
You are lethally poisoned!
The cane toad poisons you! The cane toad stings you!
You die...

.. ### .## ##.##
##.. ##8.8### #..#
#......# ##..
##8.8#.##.#.
##P.######.).......
#.........##.......
##...F.....##...F...
#...@†..............
##..........#.......
#P..........#......F
##.........##.......
##..####### .......
##.....###
#.#P...#.#
#P........##
#.........###


You could see a cane toad.

Vanquished Creatures
  3 two-headed ogres
  6 elephants
  A cane toad (Lair:1)
  A komodo dragon (D:9)
  A shadow (D:9)
  9 yaks (D:10)
  A steam dragon (D:8)
  4 water moccasins
  3 black bears
  4 orc warriors
  A sky beast (D:7)
  2 centaurs
  A phantom (D:7)
  2 kobold brigands
  Blork the orc (D:6)
  4 bullfrogs (D:8)
  4 scorpions
  A water moccasin skeleton (D:5)
  12 killer bees
  6 wights
  2 centaur zombies
  2 bullfrog zombies (D:5)
  2 jellies (D:5)
  A gnoll shaman (D:6)
  3 orc priests
  4 hounds
  A bullfrog skeleton (D:5)
  Jessica (D:2)
  Natasha (twice) (D:2)
  3 iguanas
  6 orc wizards
  A howler monkey zombie (D:9)
  Robin (D:4)
  A howler monkey skeleton (D:4)
  12 gnolls
  5 adders
  A shadow imp (D:5)
  3 white imps
  An ufetubus (D:4)
  2 worms
  4 dart slugs
  22 orcs
  6 endoplasms
  4 giant cockroaches
  11 goblins
  10 hobgoblins
  11 jackals
  16 kobolds
  4 quokkas
  12 ball pythons
  6 bats
  2 frilled lizards (D:2)
  4 rats
233 creatures vanquished.

Vanquished Creatures (others)
  An orc (D:8)
  2 fungi
  3 plants (D:3)
6 creatures vanquished.

Grand Total: 239 creatures vanquished

Notes
Turn   | Place    | Note
-------+----------+-------------------------------------------
     0 | D:1      | leviel the Hill Orc Fighter began the quest for the Orb.
     0 | D:1      | Reached XP level 1. HP: 19/19 MP: 1/1
   246 | D:1      | Reached XP level 2. HP: 27/27 MP: 2/2
  1031 | D:2      | Reached XP level 3. HP: 27/33 MP: 3/3
  1154 | D:2      | Noticed Jessica
  1166 | D:2      | Killed Jessica
  1320 | D:2      | Reached XP level 4. HP: 40/40 MP: 4/4
  1571 | D:2      | Found a faded altar of an unknown god.
  1631 | D:2      | Noticed Natasha
  1640 | D:2      | Killed Natasha
  1641 | D:2      | Reached skill level 4 in Armour
  1661 | D:2      | Noticed Natasha
  1668 | D:2      | Killed Natasha
  1669 | D:2      | Reached XP level 5. HP: 36/47 MP: 5/5
  2208 | D:3      | Found a hide-covered altar of Uskayaw.
  2481 | D:3      | Found Wuedomeff's Antique Weapon Emporium.
  2510 | D:3      | Found a glowing golden altar of the Shining One.
  2624 | D:3      | Found a stormy altar of Qazlal.
  2631 | D:3      | Found a blossoming altar of Fedhas.
  2834 | D:4      | Noticed Robin
  2840 | D:4      | Killed Robin
  2854 | D:4      | Reached XP level 6. HP: 19/55 MP: 6/6
  3177 | D:4      | Reached skill level 5 in Fighting
  3530 | D:4      | Identified the +10 mace "Diudiav" {freeze, +Rage rN+ MP-9}
  3875 | D:4      | Reached skill level 5 in Long Blades
  3875 | D:4      | Reached XP level 7. HP: 56/61 MP: 7/7
  4077 | D:4      | Found a white marble altar of Elyvilon.
  4080 | D:4      | Found a burning altar of Makhleb.
  4084 | D:4      | Found an ancient bone altar of Kikubaaqudgha.
  4201 | D:5      | Entered Level 5 of the Dungeon
  4379 | D:5      | Reached skill level 5 in Shields
  4379 | D:5      | Reached skill level 1 in Invocations
  4497 | D:5      | Reached skill level 5 in Armour
  4497 | D:5      | Reached skill level 1 in Evocations
  5122 | D:5      | Reached XP level 8. HP: 45/70 MP: 9/9
  5516 | D:5      | Reached skill level 1 in Spellcasting
  5841 | D:6      | Reached skill level 1 in Transmutations
  6545 | D:6      | Identified the +4 whip "Axtoc" {vorpal, rF+}
  6953 | D:6      | Noticed Blork the orc
  6966 | D:6      | Killed Blork the orc
  7271 | D:7      | Found a staircase to the Ecumenical Temple.
  7358 | D:7      | Found a hazy altar of Hepliaklqana.
  7485 | D:7      | Found a radiant altar of Vehumet.
  7485 | D:7      | Found an ornate altar of the Wu Jian Council.
  7801 | D:7      | Reached XP level 9. HP: 74/78 MP: 11/11
  8220 | D:7      | Reached skill level 6 in Armour
  8939 | Temple   | Entered the Ecumenical Temple
  9138 | Temple   | Became a worshipper of Warmaster Okawaru
  9307 | D:8      | Reached skill level 1 in Dodging
  9784 | D:8      | Reached skill level 7 in Armour
  9895 | D:8      | Reached * piety under Okawaru
 10290 | D:8      | Identified the +1 robe of Gozag's Outrage {rC+}
 10335 | D:9      | Noticed a two-headed ogre
 10341 | D:9      | Killed a two-headed ogre
 10341 | D:9      | Reached ** piety under Okawaru
 10342 | D:9      | Reached skill level 8 in Armour
 10342 | D:9      | Reached XP level 10. HP: 51/84 MP: 10/13
 10349 | D:9      | Found a bloodstained altar of Trog.
 10952 | D:9      | Noticed a kobold demonologist
 10953 | D:9      | Found a runed translucent gate.
 10953 | D:9      | Found a runed translucent gate.
 10953 | D:9      | Noticed a kobold demonologist
 10953 | D:9      | Noticed Rennog's ghost (novice TrMo)
 11016 | D:9      | Reached skill level 9 in Armour
 11398 | D:9      | Found a runed translucent gate.
 11399 | D:9      | Noticed a kobold demonologist
 11417 | D:9      | Reached *** piety under Okawaru
 11435 | D:9      | Reached skill level 5 in Dodging
 11663 | D:9      | Noticed an obsidian statue
 11758 | D:9      | Found a staircase to the Lair.
 11881 | D:9      | Noticed an orange crystal statue
 11882 | D:9      | Noticed a two-headed ogre
 12014 | D:9      | Identified the +1 chain mail of Filth {rF++ Will+ MP+9}
 12047 | D:9      | Found an opulent altar of Gozag.
 12183 | D:10     | Entered Level 10 of the Dungeon
 12280 | D:10     | Noticed a two-headed ogre
 12290 | D:10     | Killed a two-headed ogre
 12418 | D:10     | Noticed a two-headed ogre
 12429 | D:10     | Killed a two-headed ogre
 12430 | D:10     | Reached skill level 10 in Armour
 12609 | D:10     | Reached **** piety under Okawaru
 12610 | D:10     | Reached XP level 11. HP: 31/91 MP: 14/14
 13258 | D:10     | Noticed a two-headed ogre
 13667 | Lair:1   | Entered Level 1 of the Lair of Beasts
 14050 | D:9      | Reached skill level 1 in Throwing
 14275 | Lair:1   | Reached ***** piety under Okawaru
 14617 | Lair:1   | HP: 2/92 [cane toad (11)]
 14617 | Lair:1   | Slain by a cane toad

Illustrated notes

Levels and vault maps discovered:
D:1:      scummos_arrival_hexagon, layout_loops_corners
D:2:      layout_rooms, basic_ecumenical_altar, grunt_ministairs_13,
          kennysheep_nub, uniq_natasha, uniq_jessica
D:3:      layout_rooms, grunt_temple_overflow_forces_of_nature,
          nicolae_uskayaw_dance_hall, tso_oasis_becter, serial_shops,
          nicolae_shop_stone, minmay_three_crescents
D:4:      layout_basic, grunt_temple_overflow_diamond, uniq_robin
D:5:      layout_rooms, minmay_splitting_lines
D:6:      layout_basic, uniq_blork_the_orc
D:7:      layout_loops_ring, gammafunk_temple_overflow_elements,
          amcnicky_altar_gilded, minmay_temple_entry_junction,
          serial_park_tiny_pond
D:8:      layout_rooms
D:9:      minmay_separated_statues, layout_rooms, old_standard_altar,
          trog_ov_bears_minmay, lair_entry_dummy, gammafunk_ghost_nasty_kobolds
D:10:     layout_small_grid, minivault_23, uniq_psyche
Temple:   dpeg_chambers_temple
Lair:1:   layout_roguey, portal_ice_cave_entry_pillars_2, serial_bayou_pond_d,
          small_statue_intersection

Skill      XL: |  1  2  3  4  5  6  7  8  9 10 11 |
---------------+----------------------------------+-----
Fighting       | 4 5 6 7 |  7.5
Long Blades    | 3 4 5 6 7 |  7.6
Armour         | 4 5 8 10 | 10.6
Shields        | 4 5 |  5.0
Invocations    | 2 3 4 |  4.1
Evocations     | 1 2 3 |  3.1
Spellcasting   | 1 2 |  2.0
Transmutations | 1 2 |  2.0
Dodging        | 4 6 8 |  8.3
Throwing       | 2 |  2.9

Action                   |  1- 3 |  4- 6 |  7- 9 | 10-12 || total
-------------------------+-------+-------+-------+-------++-------
Melee: Long sword        |    23 |       |       |       ||    23
       Great sword       |    29 |   167 |   292 |   277 ||   765
Throw: Boomerang         |       |     1 |     1 |     1 ||     3
Invok: Heroism           |       |       |     1 |     5 ||     6
  Use: Scroll            |       |     3 |    10 |     5 ||    18
       Potion            |       |     1 |     6 |    10 ||    17
Armor: Scale mail        |    16 |   111 |    43 |       ||   170
       Plate armour      |       |       |   186 |   343 ||   529
Dodge: Dodged            |    26 |   118 |   139 |   211 ||   494
Block: Kite shield       |     8 |       |       |       ||     8
       Rpst.: Great sword |     3 |    45 |    22 |    49 ||   119

Table legend: (Time is in decaauts)
 A = Elapsed time spent in this place.
 B = Non-inter-level travel time spent in this place.
 C = Inter-level travel time spent in this place.
 D = Time resting spent in this place.
 E = Time spent auto-exploring this place.
 F = Levels seen in this place.
 G = Mean time per level.
                   A        B        C        D        E       F      G
               +--------+--------+--------+--------+--------+-----+--------+
         Total |  14941 |  14477 |    464 |   5644 |   6729 |  12 | 1245.1 |
       Dungeon |  14348 |  13897 |    451 |   5506 |   6368 |  10 | 1434.8 |
        Temple |    214 |    201 |     13 |      0 |    196 |   1 |  214.0 |
          Lair |    378 |    378 |      0 |    138 |    165 |   1 |  378.0 |
               +--------+--------+--------+--------+--------+-----+--------+

Top non-repeatable levels by time:
     D:9: 2284 daAuts
     D:5: 1941 daAuts
     D:8: 1732 daAuts
     D:7: 1632 daAuts
     D:4: 1513 daAuts
     D:6: 1240 daAuts
    D:10: 1176 daAuts
     D:1: 961 daAuts
     D:2: 936 daAuts
     D:3: 928 daAuts
  Lair:1: 378 daAuts
  Temple: 214 daAuts
